 Dungeon Crawl Stone Soup version 0.18.1-50-g88ac8fd (webtiles) character file.

155 magog001 the Shield-Bearer (level 5, -2/46 HPs)
             Began as a Minotaur Fighter on Apr 25, 2018.
             Killed by nerve-wracking pain
             ... invoked by Grinder
              (12 damage)
             ... on level 3 of the Dungeon.
             The game lasted 00:15:40 (2366 turns).

magog001 the Shield-Bearer (Minotaur Fighter)       Turns: 2366, Time: 00:15:41

Health: -2/46      AC:  8    Str: 22    XL:     5   Next: 14%
Magic:  4/4        EV:  8    Int:  5    God:
Gold:   193        SH: 10    Dex:  9    Spells: 0 memorised, 4 levels left

rFire  . . .     SeeInvis .     o - +3 mace
rCold  . . .     Gourm    .     b - +0 scale mail
rNeg   . . .     Faith    .     c - +0 shield
rPois  .         Spirit   .     (helmet restricted)
rElec  .         Dismiss  .     k - +0 cloak
rCorr  .         Reflect  .     (no gloves)
SustAt .         Harm     .     (no boots)
MR     .....                    (no amulet)
Stlth  ..........               (no ring)
                                (no ring)

@: not resistant to hostile enchantments, extremely unstealthy
A: retaliatory headbutt, horns 2
a: no special abilities


You were on level 3 of the Dungeon.
You were not hungry.

You visited 1 branch of the dungeon, and saw 3 of its levels.

You collected 193 gold pieces.

Inventory:

Hand Weapons
 a - a +0 war axe
 l - a +0 hunting sling
 o - a +3 mace (weapon)
 s - a +0 dagger of venom
Missiles
 e - 31 poisoned needles
Armour
 b - a +0 scale mail (worn)
 c - a +0 shield (worn)
 k - a +0 cloak (worn)
Scrolls
 h - 3 scrolls of fog {unknown}
 i - a scroll of immolation {unknown}
 n - 2 scrolls of remove curse {unknown}
 p - 2 scrolls of identify {unknown}
 q - a scroll of recharging {unknown}
 r - a scroll of teleportation {unknown}
Potions
 d - 2 potions of might
 j - 2 potions of curing {unknown}
 m - 2 potions of lignification {unknown}
Comestibles
 f - 3 bread rations
 g - 9 chunks of flesh


   Skills:
 * Level 4.2 Fighting
 - Level 2.8 Axes
 * Level 4.9 Armour
 - Level 1.2 Dodging
 - Level 0.1 Stealth
 * Level 5.2 Shields


You had 4 spell levels left.
You didn't know any spells.

Dungeon Overview and Level Annotations

Branches:
Dungeon (3/15)

Altars:

Annotations:
D:3 Grinder


Innate Abilities, Weirdness & Mutations

You reflexively headbutt those who attack you in melee.
You have a pair of horns on your head.


Message History

Grinder says, "Mostly I couldn't keep them alive."
You block Grinder's attack.
You barely miss Grinder. Grinder gestures at you.
You suddenly lose the ability to move!
Grinder hits you.
You writhe in agony.
Grinder hits you.
You writhe in agony.
Grinder hits you but does no damage.
You can move again.
Your shield prevents you from hitting Grinder.
Grinder hits you but does no damage.
Grinder says, "DUCK!"
Grinder gestures at you.
You shrug off the repeated paralysis!
You barely miss Grinder. Grinder hits you.
You writhe in agony.
* * * LOW HITPOINT WARNING * * *
You completely miss Grinder. Grinder gestures at you.
Pain shoots through your body!
You die...

...###†...#.#####..##.###..#..#.#
................#................
#..###.#....(##.##..#.###..#(##..
...###.#......#.##..#......#.##..
.....#.#....#.#.##..#............
.......######.#.##..#.######.##..
.####### #...#...............#
.#############..##..#.#####......
.##....##.......@5....# #..##.#
.##....########.##..#.# #..##.#
.†÷....# #.##....# #..##.#
###....### #..#.##.# #......
#......# #..#.##.# #..##.#
###......# #..#.##.# #..##.#
..'......# ###.......# #....÷.
###......# #.......### #......
.........## #.......# ###)#.###


You could see Grinder.

Vanquished Creatures
  Jessica (D:2)
  An adder (D:3)
  2 worms (D:3)
  A dart slug (D:2)
  5 giant geckos
  11 orcs (D:3)
  7 bats
  3 giant cockroaches
  18 goblins
  6 hobgoblins
  8 jackals
  7 kobolds
  A quokka (D:3)
  5 giant newts
  17 rats
93 creatures vanquished.

Notes
Turn   | Place    | Note
--------------------------------------------------------------
     0 | D:1      | magog001 the Minotaur Fighter began the quest for the Orb.
     0 | D:1      | Reached XP level 1. HP: 19/19 MP: 0/0
   126 | D:1      | Reached XP level 2. HP: 27/27 MP: 1/1
   211 | D:1      | Reached skill level 4 in Shields
   739 | D:1      | Reached XP level 3. HP: 33/33 MP: 2/2
  1264 | D:2      | Noticed Jessica
  1290 | D:2      | Killed Jessica
  1290 | D:2      | Reached skill level 1 in Dodging
  1290 | D:2      | Reached XP level 4. HP: 37/40 MP: 3/3
  1793 | D:3      | Reached skill level 5 in Shields
  1987 | D:3      | Reached XP level 5. HP: 46/46 MP: 4/4
  2351 | D:3      | Noticed Grinder
  2360 | D:3      | Paralysed by Grinder for 4 turns
  2366 | D:3      | Killed from afar by Grinder

Skill      XL: |  1  2  3  4 |
---------------+-------------+-----
Shields        | 4 5 |  5.2
Fighting       | 4 |  4.2
Armour         | 4 |  4.9
Dodging        | 1 |  1.2
Axes           | |  2.8
Stealth        | |  0.1

Action                   |  1- 3 |  4- 6 || total
-------------------------+-------+-------++-------
Melee: War axe           |    85 |    11 ||    96
       Headbutt          |    13 |    18 ||    31
       Mace              |       |   102 ||   102
  Eat: Chunk             |     1 |     4 ||     5
Armor: Scale mail        |    28 |    52 ||    80
Dodge: Dodged            |    20 |    33 ||    53
Block: Shield            |    39 |    83 ||   122
